[Event "*** SCC Grand Prix: Titled Tuesday Blitz"]
[Site "Chess.com"]
[Date "2020.07.07"]
[Round "9"]
[White "Firouzja2003"]
[Black "Oleksandr_Bortnyk"]
[Result "1-0"]
[WhiteElo "3112"]
[BlackElo "2931"]
[TimeControl "180+1"]
[EndTime "11:46:29 PDT"]
[Termination "Firouzja2003 won on time"]

1. d4 Nf6 2. Nf3 e6 3. c4 d5 4. Nc3 Nc6 5. cxd5 exd5 6. Bg5 Bb4 7. Qb3 a5 8. a3 a4 9. Qc2 Bxc3+ 10. bxc3 h6 11.
Bf4 O-O 12. e3 Ne4 13. Bd3 Re8 14. O-O Bg4 15. Ne5 Nxe5 16. Bxe5 Nd6 17. f3 Be6 18. e4 b6 19. Bg3 Qd7 20. Rae1 c5 21. e5 Nf5 22.
Bf2 c4 23. Be2 Ne7 24. g4 Ra5 25. Rb1 Rb8 26. h3 g5 27. Bg3 Ng6 28. f4 gxf4 29. Bxf4 Qe7 30. Qd2 Nxf4 31. Rxf4 Qg5 32. Qe3 Kh8 33.
Qf2 Ra7 34. Rf1 Rg8 35. Kh2 Ra5 36. Bd1 Rb5 37. h4 Qg7 38. Rf6 Qh7 39. h5 Rg7 40.
Bxa4 1-0

[Event "*** SCC Grand Prix: Titled Tuesday Blitz"]
[Site "Chess.com"]
[Date "2020.07.07"]
[Round "9"]
[White "FMKonstantin_Twitch"]
[Black "Al_Shima"]
[Result "1-0"]
[WhiteElo "2552"]
[BlackElo "2344"]
[TimeControl "180+1"]
[EndTime "11:46:31 PDT"]
[Termination "FMKonstantin_Twitch won by resignation"]

1. d4 Nf6 2. Bf4 g6 3. Nc3 Bg7 4. e4 O-O 5. Qd2 d6 6. Bh6 c6 7. O-O-O b5 8. Bxg7 Kxg7 9. Kb1 b4 10. e5 bxc3 11.
exf6+ exf6 12. Qxc3 Be6 13. h4 h5 14. Ne2 Nd7 15. Nf4 Qb6 16. Bd3 Rfe8 17. Rde1 Nf8 18. Re3 Bd7 19. Nxh5+ gxh5 20. Rg3+ Ng6 21. f4 Bg4 22. f5 Nf4 23. Qd2 Qxd4 24. c3 Re2 25.
Rxg4+ hxg4 26. Qxe2 Nxe2 27. cxd4 Nxd4 28. Re1 c5 29.
Re4 Rb8 30. Rxg4+ Kh7 31. Bc4 Re8 32. a4 Re7 33. b4 Kh6 34. g3 Nxf5 35. b5 Ne3 36. Rf4 Nxc4 37. Rxc4 Rb7 38. Kc2 a6 39.
bxa6 Ra7 40. Kd3 Rxa6 41. Ke4 Rb6 42. Kd5 Rb4 43. a5 Rb8 44. a6 Ra8 45. Ra4 Rd8 46.
a7 Ra8 47. Kc6 c4 48. Kb7 Rd8 49. Rxc4 1-0

[Event "*** SCC Grand Prix: Titled Tuesday Blitz"]
[Site "Chess.com"]
[Date "2020.07.07"]
[Round "9"]
[White "enzovsky"]
[Black "GMKrikor"]
[Result "1-0"]
[WhiteElo "2504"]
[BlackElo "2676"]
[TimeControl "180+1"]
[EndTime "11:46:32 PDT"]
[Termination "enzovsky won by resignation"]

1. e4 g6 2. d4 Bg7 3. Nc3 d6 4. f4 a6 5. Nf3 b5 6. Bd3 Nd7 7. e5 c5 8. Be4 Rb8 9. O-O cxd4 10. Nxd4 dxe5 11. Nc6 Qb6+ 12. Kh1 Ngf6 13. Nxb8 Qxb8 14. fxe5 Nxe5 15. Bf4 Nxe4 16. Nxe4 O-O 17. Qe2 Qb6 18. h3 Qc6 19. Rae1 Bb7 20. b3 Rc8 21. Ng5 Qxc2 22.
Bxe5 Bxe5 23. Nxf7 Bf6 24. Nd6 Qxe2 25. Rxe2 Rc7 26.
Nxb7 Rxb7 27. Rd1 a5 28. g4 a4 29. Rd3 a3 30. Rc2 Bb2 31. Kg2 Rb6 32. Kg3 Re6 33.
Kf2 Re4 34. Re2 Rf4+ 35. Kg2 e5 36. Rd7 e4 37. Re7 Bc3 38. R7xe4 Rf7 39. Re8+ Kg7 40. R8e7 1-0

[Event "*** SCC Grand Prix: Titled Tuesday Blitz"]
[Site "Chess.com"]
[Date "2020.07.07"]
[Round "9"]
[White "Thee-Chessboy"]
[Black "GregShahade"]
[Result "1/2-1/2"]
[WhiteElo "2545"]
[BlackElo "2668"]
[TimeControl "180+1"]
[EndTime "11:46:34 PDT"]
[Termination "Game drawn by agreement"]

1. d4 Nf6 2. c4 g6 3. Nf3 Bg7 4. g3 O-O 5. Bg2 d5 6. O-O dxc4 7. Na3 c3 8. bxc3 c5 9. Nc4 Nc6 10. Ba3 Be6 11. Nce5 cxd4 12. cxd4 Bd5 13. e3 Rc8 14.
Nxc6 Rxc6 15. Ne5 Ra6 16. Bb4 Bxg2 17. Kxg2 Nd5 18. Bd2 Qd6 19. Nf3 Rc8 20. Qb3 Rb6 21.
Qa4 Ra6 22. Qb3 Rb6 23. Qa4 a6 24. Rfc1 Rbc6 25. Rxc6 Qxc6 26. Qb3 b5 27. Rc1 Nxe3+ 28. Bxe3 Qe8 29. Rxc8 Qxc8 30. Qd5 h6 31. Ne5 e6 32. Qc6 Qb8 33. Nd7 Qd8 34. d5 exd5 35. Qxd5 Qc7 36. Nc5 a5 37. Qa8+ Kh7 38. Qb7 Qxb7+ 39. Nxb7 Bc3 40.
Nd6 b4 41. Nxf7 a4 42. Bc1 b3 43. axb3 axb3 44. Nxh6 Bd2 45. Bb2 Bxh6 46. f4 Bg7 47. Bc1 b2 48. Bxb2 Bxb2 49. Kf3 Kg7 50. h4 Kf6 51.
Ke4 Bc1 52. g4 Bd2 53. f5 gxf5+ 54. gxf5 Be1 55. h5 Bd2 1/2-1/2

[Event "*** SCC Grand Prix: Titled Tuesday Blitz"]
[Site "Chess.com"]
[Date "2020.07.07"]
[Round "9"]
[White "Micki-taryan"]
[Black "RaunakSadhwani2005"]
[Result "1/2-1/2"]
[WhiteElo "3049"]
[BlackElo "2933"]
[TimeControl "180+1"]
[EndTime "11:46:35 PDT"]
[Termination "Game drawn by repetition"]

1. Nf3 f5 2. d3 d6 3. e4 e5 4. Nc3 Nc6 5. exf5 Nge7 6. d4 exd4 7. Nb5 Nxf5 8. Nbxd4 Ncxd4 9. Nxd4 Qf6 10. Nb5 Qe7+ 11. Qe2 Kd8 12. Bf4 c6 13. Nc3 d5 14. O-O-O Qxe2 15. Bxe2 Bd6 16. Bxd6 Nxd6 17. Bd3 Rf8 18. f3 Bf5 19. Ne2 Bxd3 20. Rxd3 Kd7 21. b3 Rae8 22.
Kd2 Re7 23. a4 Rfe8 24. Ng3 Kc7 25. Rf1 h5 26. h4 g6 27. Rf2 Nf5 28. Nxf5 gxf5 29.
Rd4 Kd6 30. g4 fxg4 31. fxg4 Re4 32. Rxe4 Rxe4 33. gxh5 Rxh4 34. Rf7 b6 35. Rxa7 Rxh5 36. b4 Rh4 37. Kc3 Rh3+ 38. Kb2 Rh4 39. c3 d4 40. cxd4 Rxd4 41. Kc3 Rh4 42. Rb7 b5 43. axb5 cxb5 44.
Rb6+ Kc7 45. Rxb5 Kc6 46. Rg5 Kb6 47. Kb3 Rh1 48. Rg6+ Kb5 49. Rg5+ Kb6 50. Kb2 Rh2+ 51. Kb3 Rh1 1/2-1/2

[Event "*** SCC Grand Prix: Titled Tuesday Blitz"]
[Site "Chess.com"]
[Date "2020.07.07"]
[Round "9"]
[White "SHIVACalypso"]
[Black "vesalhamedinia"]
[Result "1-0"]
[WhiteElo "2353"]
[BlackElo "2211"]
[TimeControl "180+1"]
[EndTime "11:46:35 PDT"]
[Termination "SHIVACalypso won on time"]

1. Nf3 d5 2. c4 e6 3. g3 Nf6 4.
Bg2 Be7 5. O-O O-O 6. d4 c6 7. Nc3 Nbd7 8. Nd2 a5 9. e4 dxe4 10. Ndxe4 Nxe4 11. Nxe4 Nf6 12. Be3 a4 13. Qc2 Ra5 14.
Rfd1 b5 15. Nxf6+ Bxf6 16. d5 cxd5 17. cxd5 exd5 18. Rxd5 Qe8 19. Rad1 Be6 20. Rd6 Qc8 21. Rc6 Qb8 22. Bc5 Rd8 23. Bb4 Ra7 24. Bd6 Rad7 25.
Qc5 Qb7 26. Rb6 Qa7 27. Rc1 h6 28. Bf1 Bxb2 29. Rd1 a3 30. Qxb5 Bf6 31. Qc5 Kh7 32.
Bb5 Rb7 33. Bd3+ 1-0

[Event "*** SCC Grand Prix: Titled Tuesday Blitz"]
[Site "Chess.com"]
[Date "2020.07.07"]
[Round "9"]
[White "Sanyura"]
[Black "Timerkhanov"]
[Result "0-1"]
[WhiteElo "2499"]
[BlackElo "2634"]
[TimeControl "180+1"]
[EndTime "11:46:36 PDT"]
[Termination "Timerkhanov won on time"]

1. e4 c5 2. Nf3 d6 3. d4 cxd4 4. Nxd4 Nf6 5. Nc3 a6 6. g3 g6 7. Bg2 Bg7 8. O-O O-O 9. f4 Nc6 10. Nxc6 bxc6 11. h3 Nd7 12. Qf3 a5 13. Rb1 Rb8 14. Bd2 Ba6 15. Rfe1 e6 16. b3 d5 17. e5 c5 18. Na4 Qc7 19. Qc3 Bb5 20.
Qxa5 Qxa5 21. Bxa5 Ra8 22. Bc7 Bxa4 23. bxa4 Rxa4 24.
Rb7 Rc8 25. Bd6 Nf8 26. Rb5 Rxa2 27. c4 dxc4 28. Rc1 g5 29. Rxc4 gxf4 30. gxf4 Ng6 31. Rbxc5 Rxc5 32. Rxc5 Bh6 33. Rc8+ Kg7 34. f5 exf5 35. Bd5 Rd2 36. Bc4 Bf4 37. Rc7 Bxe5 38. Rxf7+ Kh6 39. Bb4 Rd4 0-1

[Event "*** SCC Grand Prix: Titled Tuesday Blitz"]
[Site "Chess.com"]
[Date "2020.07.07"]
[Round "9"]
[White "shnitez"]
[Black "deep306"]
[Result "1-0"]
[WhiteElo "2527"]
[BlackElo "2640"]
[TimeControl "180+1"]
[EndTime "11:46:38 PDT"]
[Termination "shnitez won by resignation"]

1. d4 d6 2. Nf3 Nf6 3. c4 g6 4. Nc3 Bg7 5. e4 O-O 6. Be2 e5 7. O-O Nc6 8. d5 Ne7 9. Bg5 h6 10. Bxf6 Bxf6 11. b4 a5 12. a3 Bg7 13. c5 f5 14. Nd2 fxe4 15. Ndxe4 Nf5 16. Bg4 Nd4 17. Bxc8 Qxc8 18. Qd3 Qf5 19. f3 axb4 20. axb4 dxc5 21. bxc5 c6 22. d6 Qe6 23. Nd2 Nb3 24. Rxa8 Rxa8 25.
Nxb3 Qxb3 26. d7 Rd8 27. Rd1 Kf7 28. h4 Bf8 29. h5 Bxc5+ 30. Kh2 Qe6 31. hxg6+ Qxg6 32.
Qc4+ Kg7 33. Qxc5 Qg5 34. Ne4 Qh4+ 35. Kg1 Kf7 36. Qxe5 1-0

[Event "*** SCC Grand Prix: Titled Tuesday Blitz"]
[Site "Chess.com"]
[Date "2020.07.07"]
[Round "9"]
[White "Gareth-Bale11"]
[Black "Balla_Tamas"]
[Result "1-0"]
[WhiteElo "2727"]
[BlackElo "2513"]
[TimeControl "180+1"]
[EndTime "11:46:38 PDT"]
[Termination "Gareth-Bale11 won by resignation"]

1. d4 Nf6 2. c4 e6 3. Nf3 b6 4. a3 Bb7 5. Nc3 d5 6. Bg5 Be7 7. e3 O-O 8. Rc1 Nbd7 9. cxd5 exd5 10. Bd3 Re8 11. O-O Ne4 12. Bxe7 Qxe7 13. Nb5 Rac8 14. Nxa7 Rb8 15. Rxc7 Qd8 16. Nb5 Ba6 17. Rc1 h6 18. Qa4 Bxb5 19. Bxb5 Re7 20. Bxd7 Rxd7 21. Ne5 Rd6 22. Rc6 Qe8 23. Rfc1 f6 24. Nd3 Nc5 25.
dxc5 Qxc6 26. Qd4 bxc5 27. Rxc5 Qb6 28. h4 Kh7 29. h5 Re8 30. b4 Re4 31. Qc3 d4 32.
Qc4 Rd8 33. Nf4 Qd6 34. Qd3 f5 35. Rxf5 dxe3 36. Qxe4 exf2+ 37. Kxf2 Qd4+ 38. Qxd4 Rxd4 39. Ke3 Rd1 40. Nd3 Ra1 41. b5 Rxa3 42. Kd4 Rb3 43. Kc4 1-0

[Event "*** SCC Grand Prix: Titled Tuesday Blitz"]
[Site "Chess.com"]
[Date "2020.07.07"]
[Round "9"]
[White "ChronicUnhappiness"]
[Black "Grieve72"]
[Result "0-1"]
[WhiteElo "2407"]
[BlackElo "2261"]
[TimeControl "180+1"]
[EndTime "11:46:38 PDT"]
[Termination "Grieve72 won by resignation"]

1. d4 d5 2. c4 e6 3. Nc3 c6 4.
cxd5 exd5 5. Bf4 Bd6 6. Bxd6 Qxd6 7. e3 Bf5 8. Bd3 Bxd3 9. Qxd3 Nf6 10. Nge2 O-O 11.
Ng3 g6 12. O-O-O a5 13. f3 Nbd7 14. e4 Qb4 15. e5 Ne8 16. h4 a4 17. a3 Qb3 18. h5 Nc7 19. hxg6 hxg6 20. Qe3 f6 21. Qh6 Kf7 22. Qh7+ Ke8 23. Qxg6+ Kd8 24. Rh7 Ne6 25.
Nf5 b5 26. Nd6 b4 27. Nf7+ Kc7 28. Nxd5+ cxd5 29. exf6 bxa3 30. Rd2 a2 31. Rc2+ Kb6 32. Ne5 a1=Q+ 33. Kd2 Nxe5 34. dxe5 Rac8 35. Rf7 Rxc2+ 36. Qxc2 Qxc2+ 37. Kxc2 Rxf7 0-1

[Event "*** SCC Grand Prix: Titled Tuesday Blitz"]
[Site "Chess.com"]
[Date "2020.07.07"]
[Round "9"]
[White "eljanov"]
[Black "praveenb2002"]
[Result "0-1"]
[WhiteElo "2863"]
[BlackElo "2720"]
[TimeControl "180+1"]
[EndTime "11:46:39 PDT"]
[Termination "praveenb2002 won by resignation"]

1. e4 c6 2. d4 d5 3. exd5 cxd5 4. Bd3 Nc6 5. c3 Qc7 6. h3 g6 7. Ne2 Bf5 8. Bf4 Qb6 9. Bxf5 gxf5 10. Nd2 e6 11.
O-O Nf6 12. Rc1 Bg7 13. b3 O-O 14. Ng3 Rac8 15. Nh5 Nxh5 16. Qxh5 Ne7 17. Bh6 Ng6 18. Bxg7 Kxg7 19. Rc2 Rc7 20. Nf3 h6 21. g4 Nf4 22.
Qh4 Ng6 23. Qh5 Nf4 24. Qh4 Ng6 25. Qg3 f4 26. Qh2 Rfc8 27. Rfc1 Qa5 28. c4 dxc4 29.
bxc4 h5 30. Qg2 hxg4 31. Qxg4 Rh8 32. c5 Qa3 33. Kh2 Qd3 34. Rc3 Qe4 35. Rg1 Rh6 36. Qg5 Rc8 37. h4 Rch8 38. Rg2 Kf8 39. Kg1 Qb1+ 40. Kh2 Rxh4+ 41. Nxh4 Rxh4+ 42. Qxh4 Nxh4 0-1

[Event "*** SCC Grand Prix: Titled Tuesday Blitz"]
[Site "Chess.com"]
[Date "2020.07.07"]
[Round "9"]
[White "Fluffey"]
[Black "BJthechessgod"]
[Result "0-1"]
[WhiteElo "2443"]
[BlackElo "2348"]
[TimeControl "180+1"]
[EndTime "11:46:39 PDT"]
[Termination "BJthechessgod won on time"]

1. e4 d6 2. Ne2 Nf6 3. Nbc3 g6 4. d4 Bg7 5. h4 c6 6. f3 Nbd7 7. Be3 O-O 8. Qd2 b5 9. a3 e5 10. Bh6 a5 11. g4 exd4 12. Nxd4 Ne5 13. Bg2 Bb7 14. b3 b4 15. axb4 axb4 16. Rxa8 bxc3 17. Rxd8 cxd2+ 18. Bxd2 Rxd8 19. h5 c5 20. Nb5 d5 21.
h6 Bf8 22. g5 Ne8 23. f4 Nc6 24. exd5 Nd4 25. Nxd4 cxd4 26. Ke2 Bxd5 27. Bxd5 Rxd5 28. Kd3 Nc7 29. Ra1 Ne6 30. Ra8 Rd8 31. Ra7 Bd6 32.
Ke4 Nc5+ 33. Kf3 d3 34. cxd3 Nxb3 35. Bc3 Nc5 36. Bf6 Re8 37. Ra5 Nxd3 38. Rd5 Ne1+ 39. Kf2 Bxf4 0-1

[Event "*** SCC Grand Prix: Titled Tuesday Blitz"]
[Site "Chess.com"]
[Date "2020.07.07"]
[Round "9"]
[White "Zq1"]
[Black "JonahWillow"]
[Result "0-1"]
[WhiteElo "2532"]
[BlackElo "2705"]
[TimeControl "180+1"]
[EndTime "11:46:40 PDT"]
[Termination "JonahWillow won on time"]

1. d4 Nf6 2. c4 e6 3. Nc3 c5 4. d5 exd5 5. cxd5 d6 6. e4 g6 7.
f4 Bg7 8. Bb5+ Nfd7 9. a4 O-O 10. Nf3 Na6 11. O-O Nb4 12. Bd2 a6 13. Bc4 Re8 14.
Be1 Nf6 15. Bh4 Bg4 16. h3 Bxf3 17. Rxf3 Qc7 18. e5 Nd7 19. Ne4 dxe5 20. d6 Qc6 21.
Ng5 Rf8 22. f5 e4 23. Rf1 Ne5 24. fxg6 hxg6 25. Qb3 Nxc4 26. Qxc4 Qd5 27. Qxd5 Nxd5 28. Nxe4 f5 29. Ng5 Rfd8 30. Ne6 Rxd6 31. Nxg7 Kxg7 32. Rfd1 Rd7 33. Rac1 Rc8 34. b4 c4 35. b5 axb5 36. axb5 Rc5 37. Rd4 Nb6 38. Rxd7+ Nxd7 39. Rd1 Ne5 40.
b6 Rc6 41. Bg3 Nd3 42. Bc7 g5 43. Kf1 Kg6 44. Ke2 f4 45. Kd2 Nc5 46. Kc3 Ne4+ 47. Kd4 Kf5 0-1

[Event "*** SCC Grand Prix: Titled Tuesday Blitz"]
[Site "Chess.com"]
[Date "2020.07.07"]
[Round "9"]
[White "SamuelGhimpu2003"]
[Black "Jungle_Jaguar"]
[Result "0-1"]
[WhiteElo "2515"]
[BlackElo "2660"]
[TimeControl "180+1"]
[EndTime "11:46:41 PDT"]
[Termination "Jungle_Jaguar won on time"]

1. d4 d5 2. Bf4 c5 3. e3 Nf6 4. Nc3 Nc6 5. Nb5 e5 6. dxe5 a6 7. Nc3 d4 8. exd4 cxd4 9. exf6 dxc3 10. Qxd8+ Nxd8 11. Be5 cxb2 12. Bxb2 g6 13. Nf3 Bb4+ 14. c3 Bc5 15. Bc4 Be6 16. Bb3 O-O 17. O-O a5 18.
Nd4 a4 19. Nxe6 fxe6 20. Bc2 a3 21. Bc1 Rxf6 22. Rb1 b6 23. Bg5 Rf8 24. Bb3 Kg7 25. Rbd1 Nf7 26. Be3 Bxe3 27. fxe3 Ng5 28. h4 Ne4 29.
Bxe6 Nxc3 30. Rd7+ Kh6 31. Rxf8 Rxf8 32. Rb7 b5 33.
Kh2 Re8 34. Bg4 Rxe3 35. Bd7 Re7 36. g4 Nxa2 37. g5+ Kg7 38. Kg3 Nc3 0-1

[Event "*** SCC Grand Prix: Titled Tuesday Blitz"]
[Site "Chess.com"]
[Date "2020.07.07"]
[Round "9"]
[White "colegiodemadrid"]
[Black "Sychev_Klementy"]
[Result "1/2-1/2"]
[WhiteElo "2422"]
[BlackElo "2765"]
[TimeControl "180+1"]
[EndTime "11:46:41 PDT"]
[Termination "Game drawn by repetition"]

1. e4 e5 2. Nf3 Nc6 3. Bb5 a6 4. Ba4 b5 5. Bb3 Na5 6. O-O d6 7. Nc3 Nf6 8. Re1 Be7 9. Nd5 Nxb3 10. Nxf6+ Bxf6 11. axb3 c5 12. d3 O-O 13. Bd2 Bb7 14.
Qe2 Be7 15. Ba5 Qd7 16. b4 cxb4 17. Bxb4 f5 18. Nd2 Rac8 19. Nf1 fxe4 20. dxe4 Rc4 21. Bc3 Rxe4 22. Qd3 Rg4 23. Ne3 Rg5 24. Nd5 Bd8 25. Rad1 h5 26. Bxe5 Qc6 27. f4 Rgf5 28. Bxg7 Kxg7 29.
Qg3+ Kh7 30. Ne7 Qc5+ 31. Kh1 R5f6 32. f5 R8f7 33. Qg8+ Kh6 34. Qh8+ Kg5 35. Qg8+ Kh6 36. Qh8+ Kg5 37. Qg8+ Kh6 1/2-1/2

[Event "*** SCC Grand Prix: Titled Tuesday Blitz"]
[Site "Chess.com"]
[Date "2020.07.07"]
[Round "9"]
[White "Nf3c5"]
[Black "2nd_life"]
[Result "1-0"]
[WhiteElo "2625"]
[BlackElo "2491"]
[TimeControl "180+1"]
[EndTime "11:46:42 PDT"]
[Termination "Nf3c5 won on time"]

1. e4 e5 2. Bc4 Nf6 3. d3 c6 4. Nf3 d5 5. Bb3 Qc7 6. O-O Bd6 7. exd5 cxd5 8. Nc3 Be6 9. Bg5 Nbd7 10. Nb5 Qb6 11. c4 dxc4 12. dxc4 Bc5 13. Nc3 O-O-O 14. Qc2 h6 15. Bh4 Bg4 16. Nd5 Qe6 17. Nd2 Bf5 18. Qc3 Kb8 19. Rfe1 Bd4 20. Qxd4 exd4 21. Bg3+ Kc8 22.
Rxe6 Nxd5 23. cxd5 Nc5 24. Re7 Rd7 25. Rxd7 Kxd7 26.
Nf3 d3 27. Nd4 Bg6 28. Bc4 a6 29. b4 b5 30. Bb3 Ne4 31. Nc6 1-0

[Event "*** SCC Grand Prix: Titled Tuesday Blitz"]
[Site "Chess.com"]
[Date "2020.07.07"]
[Round "9"]
[White "stanyga"]
[Black "SARGISMV"]
[Result "1-0"]
[WhiteElo "2627"]
[BlackElo "2494"]
[TimeControl "180+1"]
[EndTime "11:46:43 PDT"]
[Termination "stanyga won by resignation"]

1. e4 e6 2. b3 d5 3. Bb2 dxe4 4. Nc3 Nf6 5. g4 h6 6. Qe2 Bd7 7. Bg2 Bc6 8. Nxe4 Nxe4 9. Bxe4 Bxe4 10. Qxe4 Nc6 11. O-O-O Qd5 12. Qxd5 exd5 13. Nf3 f6 14. h4 Kf7 15. h5 Bd6 16. Nh4 Rhe8 17. f3 Re2 18. Nf5 Bf4 19. Bc3 Rae8 20. Kb2 b5 21. a3 a5 22. b4 a4 23. Rhf1 Rd8 24.
d3 d4 25. Be1 Ne7 26. Nxe7 Kxe7 27. Bf2 Bd2 28. Be1 Be3 29. Bg3 Kd7 30. Rde1 Rg2 31. Bh4 c5 32. bxc5 Rc8 33. Rxe3 dxe3 34. d4 Ke6 35.
Re1 e2 36. Kc3 Kd5 37. Kd3 Re8 38. c3 Re6 39. Rb1 Kc6 40. c4 bxc4+ 41. Kxc4 Re8 42. d5+ Kc7 43. Be1 Rg1 44. Ba5+ Kd7 45. Rxg1 Re3 46. Re1 Rc3+ 1-0

[Event "*** SCC Grand Prix: Titled Tuesday Blitz"]
[Site "Chess.com"]
[Date "2020.07.07"]
[Round "9"]
[White "chargemax23"]
[Black "Marty435"]
[Result "1-0"]
[WhiteElo "2676"]
[BlackElo "2512"]
[TimeControl "180+1"]
[EndTime "11:46:43 PDT"]
[Termination "chargemax23 won by checkmate"]

1. c4 e6 2. Nc3 d5 3. Nf3 Nf6 4. d4 c5 5. cxd5 exd5 6. g3 Nc6 7. Bg2 cxd4 8. Nxd4 Bc5 9. Nb3 Bb6 10. O-O d4 11.
Na4 O-O 12. Bg5 Re8 13. Re1 h6 14. Bxf6 Qxf6 15. Nxb6 axb6 16. Bxc6 bxc6 17. Qxd4 Qd8 18. Qc3 c5 19. e4 Be6 20. a3 Qf6 21. Qxf6 gxf6 22.
Nd2 Rad8 23. Re2 Rd3 24. Nf1 Bg4 25. Rd2 Red8 26. Rxd3 Rxd3 27. Ne3 Bf3 28. Nd5 b5 29. Nxf6+ Kg7 30. Ne8+ Kf8 31. Nc7 b4 32. axb4 cxb4 33. Na6 Rd4 34. e5 Ke7 35. h3 Ke6 36. Re1 Kd5 37.
g4 Kc6 38. e6 fxe6 39. Rxe6+ Kb5 40. Rxh6 Rd2 41. b3 Bd5 42. Nc7+ Kc5 43. Rh5 Kc6 44. Nxd5 Rxd5 45. Rxd5 Kxd5 46. g5 Kd4 47. g6 Kc3 48. g7 Kxb3 49. g8=Q+ Kc2 50. h4 b3 51. Qxb3+ Kxb3 52. h5 Kc4 53. h6 Kd5 54. h7 Ke6 55. h8=Q Kf7 56. Qh6 Ke7 57. f4 Kd7 58. Qf6 Kc7 59. Qe6 Kb7 60. Qd6 Ka7 61. Qc6 Kb8 62. Qd7 Ka8 63.
f5 Kb8 64. f6 Ka8 65. f7 Kb8 66. f8=Q# 1-0

[Event "*** SCC Grand Prix: Titled Tuesday Blitz"]
[Site "Chess.com"]
[Date "2020.07.07"]
[Round "9"]
[White "EvgenyT"]
[Black "VovenRogel"]
[Result "1-0"]
[WhiteElo "2887"]
[BlackElo "2724"]
[TimeControl "180+1"]
[EndTime "11:46:44 PDT"]
[Termination "EvgenyT won by resignation"]

1. Nf3 d5 2. b3 Nf6 3. Bb2 g6 4. c4 c6 5. e3 Bg7 6. Be2 O-O 7.
O-O Bf5 8. Nc3 a6 9. d4 Nbd7 10. Rc1 Rc8 11. cxd5 cxd5 12. Ne5 Be6 13. Nd3 Bf5 14.
Nf4 Nb8 15. Na4 Rxc1 16. Qxc1 Ne4 17. Nc5 Nxc5 18. Qxc5 e6 19. Rc1 Nc6 20. Bxa6 Nxd4 21. Bxd4 e5 22. Bxe5 Bxe5 23. Bxb7 Bxf4 24. exf4 d4 25.
Bf3 d3 26. g4 Be6 27. Rd1 Re8 28. Qc3 Qh4 29. f5 gxf5 30. Qxd3 fxg4 31. Bg2 Qf6 32. Qd4 Qg6 33. Bd5 Rd8 34. Qe5 Qc2 35. Qg5+ Kf8 36. Qxd8+ 1-0

[Event "*** SCC Grand Prix: Titled Tuesday Blitz"]
[Site "Chess.com"]
[Date "2020.07.07"]
[Round "9"]
[White "Korchmar_Vasiliy"]
[Black "Matibar"]
[Result "0-1"]
[WhiteElo "2633"]
[BlackElo "2761"]
[TimeControl "180+1"]
[EndTime "11:46:44 PDT"]
[Termination "Matibar won on time"]

1. d4 f5 2. g3 Nf6 3. Bg2 g6 4. Nf3 Bg7 5. O-O O-O 6. c4 d6 7. Nc3 c6 8. b3 Na6 9. Bb2 Bd7 10. a3 Qe8 11. Re1 h6 12. b4 Qf7 13. d5 Rac8 14. Nd2 Nc7 15. Qb3 g5 16. e3 Ng4 17.
Nf3 cxd5 18. Nxd5 Bxb2 19. Qxb2 Nxd5 20. cxd5 Qg7 21. Nd4 Ne5 22. Qe2 f4 23. Rac1 Bg4 24. f3 Bd7 25. e4 Qf6 26. Qd2 Nc4 27. Qd3 Ne5 28. Qd2 Kg7 29. g4 h5 30. h3 hxg4 31.
hxg4 Rxc1 32. Rxc1 Rc8 33. Rxc8 Bxc8 34. Qc3 Bd7 35.
Qc7 Nxg4 36. fxg4 Qxd4+ 37. Kh2 Qe5 38. Bf3 Qb2+ 39. Kg1 Qd4+ 40. Kg2 Qd2+ 41. Kg1 Qe1+ 0-1

[Event "*** SCC Grand Prix: Titled Tuesday Blitz"]
[Site "Chess.com"]
[Date "2020.07.07"]
[Round "9"]
[White "yamalchess"]
[Black "CyberdelChess"]
[Result "1-0"]
[WhiteElo "2432"]
[BlackElo "2259"]
[TimeControl "180+1"]
[EndTime "11:46:44 PDT"]
[Termination "yamalchess won by resignation"]

1. d4 d5 2. c4 c6 3. Nc3 Nf6 4. Bf4 g6 5. e3 Bg7 6. Nf3 O-O 7.
h3 a6 8. Be2 b5 9. b3 Nbd7 10. O-O Re8 11. cxd5 cxd5 12. Ne5 Bb7 13. Rc1 Rc8 14. Bf3 e6 15. Qe2 Qa5 16. Nb1 Bf8 17. g4 Nxe5 18. Bxe5 Nd7 19. Bf4 Ba3 20. Rxc8 Rxc8 21. h4 Be7 22. h5 Nf6 23. Be5 Ne4 24. hxg6 hxg6 25. Bxe4 dxe4 26. Kg2 f6 27. Bg3 g5 28. Rh1 Bd5 29. Qb2 Kg7 30. a3 Qb6 31. b4 Qc6 32. Nd2 Qc2 33. Rb1 Rc3 34. Qxc2 Rxc2 35.
Nb3 Ra2 36. Nc5 Rxa3 37. Bc7 Kf7 38. Ba5 f5 39. gxf5 exf5 40. Rh1 Kg7 41. Nd7 f4 42. Ne5 fxe3 43. fxe3 Rxe3 44. Rc1 Bf6 45. Rc7+ Kh6 46. Ng4+ Kg6 47. Nxe3 Bb3 48. Bb6 Bd8 49. Rc6+ 1-0

[Event "*** SCC Grand Prix: Titled Tuesday Blitz"]
[Site "Chess.com"]
[Date "2020.07.07"]
[Round "9"]
[White "hectorfiori"]
[Black "talaicito"]
[Result "1-0"]
[WhiteElo "2328"]
[BlackElo "2154"]
[TimeControl "180+1"]
[EndTime "11:46:44 PDT"]
[Termination "hectorfiori won on time"]

1. e4 e5 2. Nf3 Nc6 3. d4 exd4 4. Nxd4 Qf6 5. Be3 Bc5 6. Nxc6 Bxe3 7. fxe3 bxc6 8.
Nc3 Rb8 9. Bc4 Rxb2 10. Qd2 Nh6 11. Bb3 O-O 12. O-O-O Rxb3 13. axb3 d6 14. Qd4 Qg5 15. h4 Qa5 16. Kb2 c5 17. Qd5 Be6 18. Qc6 Ng4 19.
Ra1 Qb6 20. Qxb6 axb6 21. Ra7 c6 22. Re1 b5 23. Ra6 b4 24. Na4 Bd7 25. Ra7 Be6 26. Rc7 Ne5 27. Rd1 Ng4 28. Rxc6 Nxe3 29. Rdxd6 c4 30. Nb6 cxb3 31. cxb3 Nxg2 32. Nd7 Re8 33.
Rb6 h6 34. Nc5 Nf4 35. Nxe6 Nxe6 36. Rxb4 g6 37. Ra6 1-0

[Event "*** SCC Grand Prix: Titled Tuesday Blitz"]
[Site "Chess.com"]
[Date "2020.07.07"]
[Round "9"]
[White "JiiHart"]
[Black "ChessArchitect64"]
[Result "1-0"]
[WhiteElo "2116"]
[BlackElo "1871"]
[TimeControl "180+1"]
[EndTime "11:46:44 PDT"]
[Termination "JiiHart won on time"]

1. e4 c5 2. Nf3 d6 3. d4 cxd4 4. Nxd4 Nf6 5. Nc3 Nc6 6. Bg5 e6 7. Qd2 a6 8. O-O-O Bd7 9. f3 Rc8 10. g4 b5 11. h4 Qc7 12. Nxc6 Bxc6 13. Bf4 b4 14. Ne2 e5 15. Be3 a5 16. Ng3 g6 17.
g5 Nd7 18. f4 exf4 19. Bxf4 Ne5 20. Bxe5 dxe5 21. Bc4 Bg7 22. Rhf1 O-O 23. h5 Bxe4 24.
Nxe4 Qxc4 25. Nf6+ Kh8 26. Kb1 a4 27. Qf2 b3 28. c3 a3 29. h6 bxa2+ 30. Kc2 Qa4+ 31.
b3 Rxc3+ 32. Kxc3 Rc8+ 33. Kd2 Qb4+ 34. Ke3 Qd4+ 35. Kf3 Rc3+ 36. Kg2 1-0

[Event "*** SCC Grand Prix: Titled Tuesday Blitz"]
[Site "Chess.com"]
[Date "2020.07.07"]
[Round "9"]
[White "temus_galaktionov"]
[Black "swimmerchess"]
[Result "0-1"]
[WhiteElo "2673"]
[BlackElo "2815"]
[TimeControl "180+1"]
[EndTime "11:46:45 PDT"]
[Termination "swimmerchess won by resignation"]

1. d4 Nf6 2. Nf3 e6 3. c4 d5 4.
Nc3 dxc4 5. e3 a6 6. Bxc4 b5 7. Be2 Bb7 8. a3 c5 9. O-O Nc6 10. dxc5 Bxc5 11. b4 Bd6 12. Bb2 O-O 13. h3 Qc7 14. Qb3 Rac8 15. Rac1 Rfd8 16. Rfd1 Qb8 17. Qa2 Ne5 18. Nxe5 Bxe5 19. Rxd8+ Rxd8 20. Rd1 Rc8 21. Qa1 h5 22. Na4 Bh2+ 23. Kh1 bxa4 24.
Bxf6 gxf6 25. Qxf6 Be5 26. Qg5+ Bg7 27. Bxh5 Qe5 28.
Rd8+ Rxd8 29. Qxd8+ Bf8 30. Bxf7+ Kg7 31. Qd7 Qe4 32.
Bxe6+ Kh6 33. f3 Qxe3 34. Bf5 Qe1+ 35. Kh2 Qe5+ 36. Kh1 Bd5 37. Qh7+ Kg5 38. f4+ Kxf4 39. Bg4 Qe1+ 0-1

[Event "*** SCC Grand Prix: Titled Tuesday Blitz"]
[Site "Chess.com"]
[Date "2020.07.07"]
[Round "9"]
[White "Azatic"]
[Black "Witik"]
[Result "1-0"]
[WhiteElo "2526"]
[BlackElo "2638"]
[TimeControl "180+1"]
[EndTime "11:46:45 PDT"]
[Termination "Azatic won on time"]

1. e4 c6 2. d4 d5 3. e5 Bf5 4.
Nf3 e6 5. Be2 Bg6 6. O-O Nh6 7.
b3 c5 8. c4 dxc4 9. Bxc4 Nc6 10. Bb5 Qb6 11. Nc3 O-O-O 12. Bxc6 Qxc6 13. Bg5 Rd7 14. Rc1 Nf5 15. Qe2 Kb8 16. dxc5 h6 17. Bf4 Qxc5 18. Nb5 Qb6 19. g4 Ne7 20. Be3 Qa6 21.
Bxa7+ Ka8 22. Nc7+ Rxc7 23. Qxa6 bxa6 24. Rxc7 Nd5 25.
Rd7 Bb4 26. Rc1 h5 27. g5 h4 28. Nd4 h3 29. a3 Bxa3 30. Ra1 Rc8 31. f3 Bc5 32. Rxa6 Nb4 33. Ra5 1-0